 Dungeon Crawl Stone Soup version 0.32-a0-913-g739538afd8 (webtiles) character file.

Game seed: 13216922019154425672

2699 Caestello the Covered (level 9, -2/72 HPs)
             Began as an Armataur Warper on Apr 9, 2024.
             Was a Follower of Qazlal.
             Slain by a killer bee (6 damage)
             ... on level 7 of the Dungeon.
             The game lasted 00:13:56 (5603 turns).

Caestello the Covered (Armataur Warper)             Turns: 5603, Time: 00:13:57

Health: -2/72      AC:  7    Str: 21    XL:     9   Next: 38%
Magic:  12/12      EV:  7    Int: 13    God:    Qazlal [*.....]
Gold:   285        SH:  0    Dex: 10    Spells: 9/13 levels left

rFire   + + .        p - +1 whip (elec)
rCold   . . .        s - +0 buckler
rNeg    . . .        E - +0 scale mail
rPois   .            f - melded +0 helmet
rElec   .            (cloak currently unavailable)
rCorr   .            k - melded +0 pair of gloves
SInv    .            (no barding)
Will    .....        (no amulet) Stlth
                     l - ring of protection from fire
HPRegen 0.32/turn    n - ring of protection from fire
MPRegen 0.13/turn

%: roll
@: confused, lethally poisoned (-2 -> -10), beast-form, ambrosia-drunk, on blink
cooldown
A: beast (slay +0), large, deformed body, tough skin 3, armoured tail, rollpage
2
a: Begin Untransformation, Renounce Religion


You were on level 7 of the Dungeon.
You worshipped Qazlal.
Qazlal was aware of your devotion.
You were a hulking beast.
You visited 1 branch of the dungeon, and saw 7 of its levels.

You collected 285 gold pieces.

Inventory:

Hand Weapons
 p - a +1 whip of electrocution (weapon)
 C - a +0 great mace
Missiles
 d - 10 darts of dispersal
 e - 9 poisoned darts
Armour
 b - a +0 leather armour
 f - a +0 helmet (melded)
 k - a +0 pair of gloves (melded)
 m - a +0 ring mail
 s - a +0 buckler (worn)
 E - a +0 scale mail (worn)
Jewellery
 l - a ring of protection from fire (left hand)
 n - a ring of protection from fire (right hand)
 o - an amulet of reflection
Talismans
 a - a beast talisman (active)
Wands
 h - a wand of mindburst (22)
 A - a wand of flame (3)
Scrolls
 c - 3 scrolls of blinking
 g - 2 scrolls of fog
 j - a scroll of vulnerability
 q - a scroll of fear {unknown}
 t - a scroll of brand weapon {unknown}
 u - 2 scrolls of immolation
 y - a scroll of torment {unknown}
 z - a scroll of acquirement {unknown}
 F - a scroll of enchant armour {unknown}
Potions
 v - a potion of resistance {unknown}
 w - a potion of might {unknown}
 x - a potion of attraction {unknown}
 B - a potion of haste {unknown}
 D - a potion of brilliance {unknown}


   Skills:
 + Level 4.6 Fighting
 + Level 6.6 Maces & Flails
 + Level 0.9 Throwing
 + Level 6.9 Armour
 + Level 4.1 Dodging
 + Level 3.0 Stealth
 + Level 3.7 Shields
 * Level 2.6 Spellcasting
 + Level 3.3 Translocations
 + Level 1.2 Shapeshifting


You had 9 spell levels left.
You knew the following spells:

 Your Spells              Type           Power      Damage    Failure   Level
a - Blink                 Tloc           20%        N/A       28%         2
b - Lesser Beckoning      Tloc           20%        N/A       28%         2

Your spell library contained the following spells:

 Spells                   Type           Power      Damage    Failure   Level
 Apportation              Tloc           20%        N/A       19%         1
 Maxwell's Portable Pile  Tloc           10%        2d(6-16)  50%         3
 Teleport Other           Tloc           10%        N/A       50%         3
 Shock                    Conj/Air       4%         1d3       58%         1
 Sting                    Conj/Alch      4%         1d3       58%         1
 Call Imp                 Summ           2%         N/A       75%         2
 Jinxbite                 Hex            2%         N/A       75%         2
 Mercury Vapours          Alch/Air       2%         N/A       75%         2
 Sublimation of Blood     Necr           1%         N/A       75%         2
 Call Canine Familiar     Summ           1%         N/A       92%         3
 Confusing Touch          Hex            1%         N/A       92%         3
 Dazzling Flash           Conj/Hex       2%         N/A       92%         3
 Hailstorm                Conj/Ice       1%         3d5       92%         3
 Mephitic Cloud           Conj/Alch/Air  1%         N/A       92%         3
 Sigil of Binding         Hex            1%         N/A       92%         3
 Dimensional Bullseye     Hex/Tloc       3%         N/A       98%         4
 Vhi's Electric Charge    Tloc/Air       12%        N/A       98%         4
 Animate Dead             Necr           1%         N/A       100%        4
 Summon Blazeheart Golem  Fire/Summ      1%         N/A       100%        4
 Alistair's Intoxication  Alch           0%         N/A       100%        5
 Curse of Agony           Necr           1%         N/A       100%        5
 Freezing Cloud           Conj/Ice/Air   0%         6-21      100%        5
 Iskenderun's Battlesphe  Conj           1%         2d6       100%        5
 Silence                  Hex/Air        0%         N/A       100%        5
 Bombard                  Conj/Erth      0%         9d1       100%        6
 Haunt                    Necr/Summ      0%         N/A       100%        7
 Orb of Destruction       Conj           0%         9d5       100%        7
 Spellforged Servitor     Conj/Summ      0%         N/A       100%        7
 Summon Hydra             Summ           0%         N/A       100%        7
 Infestation              Necr           0%         N/A       100%        8


Dungeon Overview and Level Annotations

Branches:
Dungeon (7/15)             Temple (0/1) D:6

Altars:
Cheibriados
Hepliaklqana
Okawaru
Qazlal

Shops:
D:1 [

Annotations:
D:1 2 transporters
D:5 1 runed translucent door, Crazy Yiuf
D:7 Joseph


Innate Abilities, Weirdness & Mutations

You are a hulking beast.
Your limbs bulge with bestial killing power. (Slay +0)
Armour fits poorly on your strangely shaped body.
You have extremely tough skin. (AC +3)
You have a long armoured tail.
You regenerate magic and health when rolling toward enemies. (Rampage Regen)


Message History

Casting: Blink (dangerous; 28% risk of failure)
Confirm with . or Enter, or press ? or * to list all spells.
You blink.
The killer bee buzzes angrily.
You feel sick.
The killer bee stings you but does no damage.
You feel better. The killer bee stings you.
You are poisoned.
The killer bee poisons you! The killer bee stings you.
* * * LOW HITPOINT WARNING * * *
You are confused.
You feel invigorated.
You feel very sick. The killer bee stings you.
* * * LOW HITPOINT WARNING * * *
The killer bee stings you.
* * * LOW HITPOINT WARNING * * *
You are more poisoned.
The killer bee poisons you! The killer bee stings you.
* * * LOW HITPOINT WARNING * * *
The killer bee stings you but does no damage.
The killer bee closely misses you. x2; The killer bee stings you.
* * * LOW HITPOINT WARNING * * *
The killer bee stings you.
* * * LOW HITPOINT WARNING * * *
You barely miss the killer bee.
Your tail-slap misses the killer bee.
* * * LOW HITPOINT WARNING * * *
You feel very sick. The killer bee barely misses you.
The killer bee stings you but does no damage. x3
The killer bee closely misses you.
The killer bee stings you but does no damage.
The killer bee barely misses you.
You barely miss the killer bee.
* * * LOW HITPOINT WARNING * * *
You feel sick. The killer bee stings you.
* * * LOW HITPOINT WARNING * * *
The killer bee closely misses you. The killer bee barely misses you. x2
The killer bee stings you.
You die...

... # .. # ## #.
#.. .. ...#.## ..
....
........#.#..... .
#.....)#....#
#.#y#.y........
#.#. #yhy.......
<.##.y. ##y###.....
.......###@y...#...
....#.....Fy.......
......F....##....
....#......#...#.
.. ##..##.#...#
..........# #
..........)###


You could see Joseph, a bullfrog and 6 killer bees.

Vanquished Creatures
  Pikel (D:7)
  Jeremiah (D:6)
  Sigmund (D:6)
  A water moccasin (D:5)
  An ice beast (D:6)
  A sky beast (D:6)
  A black bear (D:5)
  An ogre (D:6)
  A centaur (D:7)
  A phantom (D:5)
  The ghost of Biggs the Changeling, an amateur OpSh (D:3)
  2 bullfrogs (D:5)
  2 scorpions (D:4)
  5 wights
  4 bombardier beetles
  3 hounds
  3 orc priests
  A jelly (D:6)
  A sleepcap (D:6)
  Jessica (D:3)
  3 iguanas
  Robin (D:3)
  5 adders
  A white imp (D:5)
  2 dart slugs
  18 orcs
  9 ball pythons
  6 endoplasms
  A giant cockroach (D:1)
  10 hobgoblins
  9 jackals
  5 kobolds
  A quokka (D:3)
  5 bats
  3 frilled lizards
  10 goblins
  5 rats
127 creatures vanquished.

Notes
Turn   | Place    | Note
-------+----------+-------------------------------------------
     0 | D:1      | Caestello the Armataur Warper began the quest for the Orb.
     0 | D:1      | Reached XP level 1. HP: 17/17 MP: 3/3
   191 | D:1      | Reached XP level 2. HP: 24/24 MP: 4/4
   194 | D:1      | Learned a level 2 spell: Blink
   431 | D:1      | Found Poamnet's Antique Armour Shoppe.
   769 | D:2      | Reached XP level 3. HP: 29/29 MP: 5/5
  1323 | D:3      | Noticed Robin
  1451 | D:4      | Reached XP level 4. HP: 24/36 MP: 6/6
  1806 | D:4      | Found a snail-covered altar of Cheibriados.
  1806 | D:4      | Found a stormy altar of Qazlal.
  1816 | D:4      | Became a worshipper of Qazlal Stormbringer
  1914 | D:4      | Noticed a scorpion
  2011 | D:3      | Reached XP level 5. HP: 27/32 MP: 7/7
  2039 | D:3      | Killed Robin
  2143 | D:2      | Learned a level 2 spell: Lesser Beckoning
  2167 | D:3      | Noticed Biggs's ghost (amateur OpSh)
  2214 | D:3      | Found a runed translucent door.
  2281 | D:3      | Killed Biggs's ghost
  2282 | D:3      | Reached XP level 6. HP: 36/49 MP: 8/8
  2435 | D:3      | Noticed Jessica
  2444 | D:3      | Reached * piety under Qazlal
  2447 | D:3      | Killed Jessica
  2448 | D:3      | Reached skill level 1 in Shields
  2748 | D:4      | Reached skill level 1 in Stealth
  3016 | D:5      | Entered Level 5 of the Dungeon
  3034 | D:5      | Gained mutation: You regenerate magic and health when
                  | rolling toward enemies. (Rampage Regen) [Armataur growth]
  3034 | D:5      | Reached XP level 7. HP: 46/56 MP: 9/9
  3216 | D:5      | Found a runed translucent door.
  3217 | D:5      | Noticed Crazy Yiuf
  3681 | D:5      | Reached skill level 5 in Armour
  4108 | D:5      | Reached XP level 8. HP: 63/63 MP: 10/10
  4297 | D:6      | Reached skill level 5 in Maces & Flails
  4340 | D:6      | Noticed Sigmund
  4350 | D:6      | Killed Sigmund
  4524 | D:6      | Found a staircase to the Ecumenical Temple.
  4638 | D:6      | Noticed Jeremiah
  4685 | D:6      | Killed Jeremiah
  4825 | D:6      | Got the Vellum of Charming Wounds
  5093 | D:6      | Found an iron altar of Okawaru.
  5308 | D:7      | Noticed Pikel
  5390 | D:7      | Reached XP level 9. HP: 57/71 MP: 11/11
  5476 | D:7      | Found a hazy altar of Hepliaklqana.
  5553 | D:7      | Killed Pikel
  5554 | D:7      | Reached skill level 1 in Shapeshifting
  5589 | D:7      | Noticed Joseph
  5603 | D:7      | Slain by a killer bee

Illustrated notes

Levels and vault maps discovered:
D:1:      spicycebolla_arrival_transporter_tutorial, layout_loops_ring,
          serial_shops, shop
D:2:      layout_loops_ring
D:3:      layout_rooms, hellmonk_ghost_happy_afterlife, uniq_robin, uniq_jessica
D:4:      layout_basic, gammafunk_temple_overflow_wave,
          amcnicky_mini_corridor_feature
D:5:      layout_basic, uniq_crazy_yiuf_cottage
D:6:      layout_gridville, nicolae_overflow_crystal_walls,
          minmay_temple_entry_offerings, minmay_misc_feat_chi, uniq_sigmund,
          uniq_jeremiah
D:7:      layout_cave_pools, general_overflow_altar,
          serial_library_regret_index_double_sided, uniq_pikel, uniq_joseph

Skill      XL: |  1  2  3  4  5  6  7  8  9 |
---------------+----------------------------+-----
Maces & Flails | 2 3 4 6 |  6.6
Armour         | 2 3 4 5 6 |  6.9
Fighting       | 2 3 4 |  4.6
Dodging        | 2 3 4 |  4.1
Shields        | 1 2 3 |  3.7
Stealth        | 1 2 3 |  3.0
Spellcasting   | 2 |  2.6
Shapeshifting  | 1 |  1.2
Throwing       | |  0.9
Translocations | |  3.3

Action                     |  1- 3 |  4- 6 |  7- 9 || total
---------------------------+-------+-------+-------++-------
  Melee: Mace              |    82 |       |       ||    82
         Tailslap          |    16 |    14 |    15 ||    45
         Whip              |    40 |   147 |   155 ||   342
   Cast: Blink             |       |       |     1 ||     1
    Use: Potion            |       |     4 |     3 ||     7
         Scroll            |       |     1 |     2 ||     3
 Armour: Leather armour    |   105 |    54 |       ||   159
         Skin              |       |    88 |       ||    88
         Ring mail         |       |    38 |    66 ||   104
         Scale mail        |       |       |    35 ||    35
  Dodge: Dodged            |    68 |    64 |    43 ||   175
  Block: Buckler           |       |    30 |    38 ||    68
   Form: Beast             |       |       |     1 ||     1

Table legend: (Time is in decaauts)
 A = Elapsed time spent in this place.
 B = Non-inter-level travel time spent in this place.
 C = Inter-level travel time spent in this place.
 D = Time resting spent in this place.
 E = Time spent auto-exploring this place.
 F = Levels seen in this place.
 G = Mean time per level.
                   A        B        C        D        E       F      G
               +--------+--------+--------+--------+--------+-----+--------+
         Total |   5604 |   5419 |    185 |    216 |   3693 |   7 |  800.6 |
       Dungeon |   5604 |   5419 |    185 |    216 |   3693 |   7 |  800.6 |
               +--------+--------+--------+--------+--------+-----+--------+

Top non-repeatable levels by time:
     D:5: 1252 daAuts
     D:6: 1127 daAuts
     D:4: 953 daAuts
     D:2: 761 daAuts
     D:1: 686 daAuts
     D:3: 635 daAuts
     D:7: 188 daAuts
